 Dungeon Crawl Stone Soup version 0.20-a0-1089-g3fde505 (webtiles) character file.

331 Rrauwl the Reanimator (level 6, 0/35 HPs)
             Began as a Deep Elf Necromancer on May 4, 2017.
             Slain by an ogre
             ... wielding a +0 giant club
              (32 damage)
             ... on level 4 of the Dungeon.
             The game lasted 00:16:52 (4288 turns).

Rrauwl the Reanimator (Deep Elf Necromancer)        Turns: 4288, Time: 00:16:53

Health: 0/35       AC:  6    Str:  7    XL:     6   Next: 26%
Magic:  6/12       EV: 13    Int: 20    God:
Gold:   176        SH:  0    Dex: 20    Spells: 2/11 levels left

rFire    . . .     SeeInvis .   h - -3 hunting sling (curse)
rCold    . . .     Gourm    .   (no shield)
rNeg     . . .     Faith    .   s - +1 troll leather armour
rPois    .         Spirit   .   (no helmet)
rElec    .         Reflect  .   (no cloak)
rCorr    .         Harm     .   p - +0 pair of gloves
MR       .....                  (no boots)
Stlth    +++.......             (no amulet)
Regen    0.6/turn               d - +3 ring of dexterity
MPRegen  0.2/turn               (no ring)

@: no status effects
A: hooves 1, thin skeletal structure 1, robust 1
a: no special abilities


You were on level 4 of the Dungeon.
You were not hungry.

You visited 1 branch of the dungeon, and saw 4 of its levels.

You collected 176 gold pieces.

Inventory:

Hand Weapons
 h - a cursed -3 hunting sling (weapon)
 j - a +2 whip of distortion
 v - a +2 hunting sling of freezing
Missiles
 e - 53 stones (quivered)
Armour
 p - a +0 pair of gloves (worn)
 s - a +1 troll leather armour (worn)
Jewellery
 c - an uncursed ring of ice
 d - a +3 ring of dexterity (left hand)
Wands
 a - a wand of flame (19/48)
Scrolls
 i - 2 scrolls of blinking
 k - a scroll of recharging
 m - a scroll of amnesia
 n - 2 scrolls of teleportation
 o - 2 scrolls of identify
 w - a scroll of enchant weapon
Potions
 g - 2 potions of mutation
 u - a potion of haste {unknown}
Books
 b - a book of Necromancy

   Spells                             Type                      Level
   a - Pain                           Necromancy                   1
   b - Animate Skeleton               Necromancy                   1
   c - Vampiric Draining              Necromancy                   3
   d - Regeneration                   Charms/Necromancy            3
   e - Animate Dead                   Necromancy                   4
   f - Control Undead                 Necromancy                   4
 x - a book of Cantrips

   Spells                             Type                      Level
   a - Confusing Touch                Hexes                        1
   b - Animate Skeleton               Necromancy                   1
   c - Summon Small Mammal            Summoning                    1
   d - Apportation                    Translocation                1
Comestibles
 f - a royal jelly
 l - 2 bread rations
 q - 3 meat rations
 r - 2 fruits
 t - 8 chunks of flesh


   Skills:
 - Level 3.0 Dodging
 - Level 3.0 Stealth
 - Level 3.0 Spellcasting
 + Level 8.8 Necromancy


You had 2 spell levels left.
You knew the following spells:

 Your Spells              Type           Power        Failure   Level  Hunger
a - Pain                  Necr           ####         1%          1    None
b - Regeneration          Chrm/Necr      ###.......   11%         3    ###....
c - Control Undead        Necr           #####.....   5%          4    ####...
d - Apportation           Tloc           #.....       22%         1    None


Dungeon Overview and Level Annotations

Branches:
Dungeon (4/15)
 Temple: D:4-7

Altars:

Annotations:
D:2 Crazy Yiuf
D:4 Grinder


Innate Abilities, Weirdness & Mutations

You have large cloven feet.
You have a somewhat thin skeletal structure. (Dex +2, Stealth)
You are robust. (+10% HP)


Message History

Casting: Pain
Confirm with . or Enter, or press ? or * to list all spells.
Aiming: Pain
Press: ? - help, Shift-Dir - straight line, f/p - ogre
Aim: an ogre, wielding a giant club (moderately wounded, chance to defeat MR: 84%)
The ogre writhes in agony!
The ogre misses you.
Casting: Pain
Confirm with . or Enter, or press ? or * to list all spells.
Aiming: Pain
Press: ? - help, Shift-Dir - straight line, f/p - ogre
Aim: an ogre, wielding a giant club (heavily wounded, chance to defeat MR: 84%)
The ogre writhes in agony!
Casting: Pain
Confirm with . or Enter, or press ? or * to list all spells.
Aiming: Pain
Press: ? - help, Shift-Dir - straight line, f/p - ogre
Aim: an ogre, wielding a giant club (severely wounded, chance to defeat MR: 84%)
The ogre writhes in agony!
The ogre hits you with a giant club!!
Ouch! That really hurt!
You die...

.≈≈≈≈......# #.##........#....#
.≈≈≈≈......###.##.....#######.
..≈≈........##.##.....#####...##
..≈............##....>(.^##.##..
...........###.#####'###.##....O
############ #.#.....# #.)..##.#
#.#.....# #.......# #.#.....#
##...#### #.@O....# #...#
###....## #...# #....# #...#
#....# #...# ###### #...# #...#


You could see an ogre.

Vanquished Creatures
  2 ogres (D:4)
  A hound (D:4)
  A bullfrog skeleton (D:4)
  A worker ant (D:4)
  An adder (D:3)
  An ooze (D:1)
  2 worms (D:2)
  A dart slug (D:3)
  2 leopard geckos (D:3)
  3 orcs
  A ball python (D:1)
  4 giant cockroaches
  8 goblins (D:1)
  9 hobgoblins
  6 kobolds
  2 quokkas
  4 bats (D:3)
  5 frilled lizards
  9 rats
63 creatures vanquished.

Notes
Turn   | Place    | Note
-------+----------+-------------------------------------------
     0 | D:1      | Rrauwl the Deep Elf Necromancer began the quest for the Orb.
     0 | D:1      | Reached XP level 1. HP: 10/10 MP: 6/6
    58 | D:1      | Reached skill level 5 in Necromancy
   503 | D:1      | Reached XP level 2. HP: 12/15 MP: 4/8
   996 | D:1      | Gained mutation: You have large cloven feet. [potion of mutation]
   996 | D:1      | Gained mutation: You have a somewhat thin skeletal structure. (Dex +2, Stealth) [potion of mutation]
   996 | D:1      | Gained mutation: You are robust. (+10% HP) [potion of mutation]
  1741 | D:1      | Reached XP level 3. HP: 16/20 MP: 6/9
  2484 | D:2      | Found a runed door.
  2764 | D:2      | Learned a level 3 spell: Regeneration
  2793 | D:2      | Noticed Crazy Yiuf
  2947 | D:3      | Reached skill level 6 in Necromancy
  3164 | D:3      | Reached XP level 4. HP: 14/26 MP: 6/10
  3918 | D:4      | Noticed an ogre
  4047 | D:4      | Reached skill level 7 in Necromancy
  4047 | D:4      | Reached XP level 5. HP: 30/30 MP: 5/11
  4053 | D:4      | Learned a level 4 spell: Control Undead
  4166 | D:4      | Noticed an ogre
  4174 | D:4      | Killed an ogre
  4174 | D:4      | Reached skill level 8 in Necromancy
  4222 | D:4      | Learned a level 1 spell: Apportation
  4238 | D:4      | Noticed an ogre
  4244 | D:4      | Killed an ogre
  4244 | D:4      | Reached XP level 6. HP: 34/35 MP: 7/12
  4260 | D:4      | Noticed Grinder
  4288 | D:4      | Slain by an ogre

Vault maps used:
D:1:      eino_arrival_druids_welcome
D:2:      first_bread, uniq_crazy_yiuf_cottage
D:4:      lemuel_old_faithful, uniq_grinder

Skill      XL: |  1  2  3  4  5 |
---------------+----------------+-----
Necromancy     | 5 6 7 8 |  8.8
Stealth        | 3 |  3.0
Dodging        | 3 |  3.0
Spellcasting   | |  3.0

Action                   |  1- 3 |  4- 6 || total
-------------------------+-------+-------++-------
 Fire: Hunting sling     |   122 |    73 ||   195
 Cast: Pain              |    72 |    35 ||   107
       Regeneration      |     2 |     1 ||     3
  Use: Scroll            |     8 |     5 ||    13
       Potion            |     6 |     2 ||     8
  Eat: Bread ration      |     1 |       ||     1
       Meat ration       |     1 |       ||     1
       Chunk             |     1 |       ||     1
Armor: Robe              |    16 |     1 ||    17
       Troll leather arm |       |    17 ||    17
Dodge: Dodged            |    65 |    35 ||   100
